 Dungeon Crawl Stone Soup version 0.28.0-45-g0d030f2227 (webtiles) character file.

Game seed: 13217711174076953276

13603 issech the Basher (level 11, -2/89 (99) HPs)
             Began as a Troll Monk on Apr 18, 2022.
             Was an Elder of Hepliaklqana.
             Slain by an orc knight
             ... wielding a +1 dire flail of draining
              (7 damage)
             ... on level 1 of the Orcish Mines.
             The game lasted 00:57:06 (11527 turns).

issech the Basher (Troll Monk)                     Turns: 11527, Time: 00:57:06

HP:   -2/89 (99)    AC:  7    Str: 27    XL:     11   Next: 77%
MP:   10/10         EV: 14    Int:  8    God:    Hepliaklqana [****..]
Gold: 1513          SH:  0    Dex: 20    Spells: 10/10 levels left

rFire   + + .      SeeInvis +   P - +6 flail "Zutedabb" {speed, rF++ rN+ Int+2 Dex+4}
rCold   . . .      Faith    .   (no shield)
rNeg    + . .      Spirit   .   u - +0 troll leather armour
rPois   .          Reflect  .   (helmet restricted)
rElec   .          Harm     .   j - +0 cloak
rCorr   .          Rampage  .   (gloves unavailable)
Will    .....                   (boots unavailable)
Stlth   +++.......              f - amulet of regeneration
HPRegen 2.64/turn               A - ring of see invisible
MPRegen 0.12/turn               V - +6 ring of strength

@: heavily drained
A: reduced essence, large, unfitting armour, claws 3, regeneration 1, shaggy fur
1, tough skin 1
a: Renounce Religion, Recall Ancestor, Ancestor Identity, Transference, Idealise


You were on level 1 of the Orcish Mines.
You worshipped Hepliaklqana.
Hepliaklqana was greatly pleased with you.
You visited 3 branches of the dungeon, and saw 13 of its levels.
You also visited: Sewer.

You collected 1513 gold pieces.

Inventory:

Hand Weapons
 a - a +0 vorpal hand crossbow
 b - a +2 falchion of distortion
 n - a +0 mace of protection
 t - a +2 whip of venom
 I - a +2 hunting sling of flaming
 O - a +4 dire flail of electrocution
 P - the +6 flail "Zutedabb" (weapon) {speed, rF++ rN+ Int+2 Dex+4}
   (You found it in a sewer)

   Attacks with this weapon are significantly faster.
   Int:       It affects your intelligence (+2).
   Dex:       It affects your dexterity (+4).
   rF:        It greatly protects you from fire.
   rN:        It protects you from negative energy.
 W - a +0 giant spiked club
 Z - a +4 flail of freezing
Missiles
 d - 34 sling bullets
 g - 313 stones
 m - 153 arrows
 o - 57 poisoned darts
 q - a curare-tipped dart
 s - 84 bolts
 E - 7 large rocks (quivered)
 U - 14 boomerangs
Armour
 h - a scarf of invisibility
 j - a +0 cloak (worn)
 u - a +0 troll leather armour (worn)
 S - a +1 robe of fire resistance
 T - +0 steam dragon scales
Magical Staves
 c - a staff of conjuration
 B - a staff of cold
Jewellery
 f - an amulet of regeneration (around neck)
 l - a ring of ice
 A - a ring of see invisible (left claw)
 J - an amulet of magic regeneration
 V - a +6 ring of strength (right claw)
Wands
 k - a wand of iceblast (8)
 r - a wand of polymorph (2)
 F - a wand of acid (5)
 Y - a wand of digging (3)
Scrolls
 x - 4 scrolls of teleportation
 y - a scroll of enchant armour
 D - a scroll of holy word
 H - 3 scrolls of fog
 M - 3 scrolls of fear
 R - a scroll of magic mapping
Potions
 e - 4 potions of curing {unknown}
 i - 2 potions of ambrosia {unknown}
 p - a potion of haste {unknown}
 v - a potion of attraction {unknown}
 w - 4 potions of brilliance {unknown}
 z - a potion of berserk rage {unknown}
 C - a potion of resistance {unknown}
 G - 3 potions of magic {unknown}
 K - 2 potions of heal wounds {unknown}
 L - 4 potions of invisibility {unknown}
 N - 2 potions of might
 Q - 2 potions of mutation {unknown}
 X - a potion of lignification {unknown}


   Skills:
 + Level 8.0 Fighting
 + Level 12.0 Maces & Flails
 + Level 3.5 Throwing
 + Level 0.8 Armour
 + Level 7.6 Dodging
 + Level 3.8 Stealth


You had 10 spell levels left.
You didn't know any spells.
Your spell library contained the following spells:

 Spells                   Type           Power      Damage    Failure   Level
 Beastly Appendage        Tmut           0%         N/A       43%         1
 Foxfire                  Conj/Fire      0%         2x1d4     43%         1
 Freeze                   Ice            0%         1d3       43%         1
 Shock                    Conj/Air       0%         1d3       43%         1
 Slow                     Hex            0%         N/A       43%         1
 Corpse Rot               Necr/Air       0%         N/A       58%         2
 Poisonous Vapours        Pois/Air       0%         N/A       58%         2
 Wereblood                Tmut           0%         N/A       58%         2
 Confusing Touch          Hex            0%         N/A       82%         3
 Conjure Flame            Conj/Fire      0%         6-21      82%         3
 Frozen Ramparts          Ice            0%         1d2       82%         3
 Inner Flame              Hex/Fire       0%         N/A       82%         3
 Spider Form              Tmut/Pois      0%         N/A       82%         3
 Swiftness                Air            0%         N/A       82%         3
 Vampiric Draining        Necr           0%         2d6       82%         3
 Airstrike                Air            0%         N/A       99%         4
 Flame Wave               Conj/Fire      0%         2d4       99%         4
 Hailstorm                Conj/Ice       0%         3d3       99%         4
 Ice Form                 Ice/Tmut       0%         N/A       99%         4
 Simulacrum               Ice/Necr       0%         N/A       100%        6


Dungeon Overview and Level Annotations

Branches:
Dungeon (10/15)            Temple (1/1) D:7             Orc (2/2) D:10
    Elf (0/3) Orc:2         Sewer (visited)
   Lair: D:8-11

Altars:
Ashenzari
Cheibriados
Dithmenos
Elyvilon
Fedhas
Gozag
Hepliaklqana
Kikubaaqudgha
Makhleb
Nemelex Xobeh
Okawaru
Qazlal
Ru
Sif Muna
Trog
Uskayaw
Vehumet
Wu Jian
Xom
Yredelemnul
Zin
The Shining One

Shops:
D:8 (   D:9 (   D:10 *   Orc:1 ([(

Annotations:
Orc:1 6 transporters


Innate Abilities, Weirdness & Mutations

Your life essence is reduced to manifest your ancestor. (-10% HP)
You are too large for most types of armour.
You have claws for hands.
Your natural rate of healing is unusually fast.
You are covered in fur. (AC +1)
You have tough skin. (AC +1)


Message History

You can access your shopping list by pressing '$'.
You open the door. You open the door. You open the door.
There is an open door here.
There is an entrance to Lufeikeu's Armour Boutique here.
There is an open door here.
Things that are here:
a +0 flail; a +0 ring mail; an orc corpse
There is an entrance to Oqelud's Antique Weapon Emporium here.
You can access your shopping list by pressing '$'.
There is a stone staircase leading down, spattered with blood here.
Things that are here:
a +0 flail; a +0 ring mail; an orc corpse You swap places.
There is a stone staircase leading down, spattered with blood here.
You climb downwards.
The orc knight hits you with a +1 dire flail of draining!
You partially resist.
You feel drained.
The orc knight hits you with a +1 dire flail of draining!
You partially resist.
You feel drained.
The orc high priest utters an invocation to Beogh.
There is a stone staircase leading up, spattered with blood here.
The orc knight barely misses you.
The orc high priest hits you from afar with a +0 trident.
The orc high priest mumbles some strange prayers to Beogh.
You climb upwards.
Level annotation: 6 transporters
There is a stone staircase leading down, spattered with blood here.
You closely miss the orc knight. You closely miss the orc knight.
The orc knight hits you with a +1 dire flail of draining!!
You partially resist.
You feel drained.
Sinnashi casts a spell at the orc knight.
The stone arrow misses the orc knight.
You barely miss the orc knight.
The orc knight hits you with a +1 dire flail of draining!!
* * * LOW HITPOINT WARNING * * *
You partially resist.
You feel drained.
You die...

##...# #......#..#
##.##
#####...^.....##
###
##....∩.##......###
#.......##........#
#.#....#.#'#.....##
####.)...'∩'....##
#....[..#'#.....#
##.............##
###...@R.....##
####o.....##
#......## ##..#.##
#..### ####


You could see the friendly Sinnashi the battlemage and an orc knight (ally
target).

Vanquished Creatures
  2 two-headed ogres (D:10)
  An orc high priest (Orc:2)
  The ghost of Vizrt the Cleaver, a novice PaBe of Trog (D:6)
  Pikel (D:4)
  An orc sorcerer (Orc:2)
  A cyclops (Orc:1)
  A gargoyle (D:8)
  Maggie (D:7)
  A troll (Orc:1)
  Prince Ribbit (D:7)
  A wyvern (D:9)
  3 yaks (D:9)
  A vampire (D:7)
  2 steam dragons
  2 wargs (D:10)
  An acid dragon (D:8)
  A swamp drake (D:10)
  8 orc warriors
  A sky beast (D:8)
  2 ice beasts
  4 ogres
  4 lemures (D:3)
  4 centaurs
  4 kobold brigands
  A bullfrog (D:6)
  A wyvern zombie (D:8)
  3 scorpions
  2 wyvern skeletons
  4 killer bees (D:10)
  5 wights (D:9)
  3 howler monkeys (D:9)
  2 centaur zombies
  A jelly (D:6)
  A hound (D:6)
  17 orc priests
  Ijyb (D:3)
  A bullfrog skeleton (D:4)
  A centaur skeleton (D:5)
  Natasha (twice) (D:3)
  An iguana (D:4)
  5 orc wizards
  A scorpion zombie (D:5)
  A killer bee zombie (D:7)
  A hound skeleton (D:5)
  Robin (D:3)
  11 adders
  A shadow imp (D:5)
  4 worms
  2 dart slugs
  34 orcs
  5 bats
  2 endoplasms
  7 giant cockroaches
  12 goblins
  10 hobgoblins
  3 jackals
  2 quokkas (D:2)
  9 ball pythons
  8 frilled lizards
  36 kobolds
  5 rats
255 creatures vanquished.

Vanquished Creatures (collateral kills)
  An orc knight (Orc:2)
  A centaur zombie (D:10)
  2 trolls
  2 hornets
  A shadow (D:10)
  A wraith (D:9)
  A wyvern (D:8)
  2 wargs (Orc:2)
  9 orc warriors
  An ogre (Orc:2)
  A kobold brigand (D:9)
  A killer bee (D:10)
  A howler monkey (D:9)
  4 orc priests
  11 orc wizards
  9 orcs
  A kobold (D:9)
49 creatures vanquished.

Vanquished Creatures (others)
  2 battlemagi
  A fungus (Sewer)
  6 plants
9 creatures vanquished.

Grand Total: 313 creatures vanquished

Notes
Turn   | Place    | Note
-------+----------+-------------------------------------------
     0 | D:1      | issech the Troll Monk began the quest for the Orb.
     0 | D:1      | Reached XP level 1. HP: 22/22 MP: 0/0
   163 | D:1      | Reached XP level 2. HP: 29/29 MP: 1/1
   166 | D:1      | Found a faded altar of an unknown god.
   292 | D:1      | Reached skill level 3 in Maces & Flails
   807 | D:2      | Found a shimmering altar of Xom.
   875 | D:2      | Reached XP level 3. HP: 32/36 MP: 2/2
  1393 | D:2      | Reached XP level 4. HP: 41/45 MP: 3/3
  1780 | D:3      | Noticed Robin
  1812 | D:2      | Reached skill level 4 in Maces & Flails
  1812 | D:2      | Reached XP level 5. HP: 51/53 MP: 4/4
  1858 | D:3      | Killed Robin
  2084 | D:3      | Noticed Ijyb
  2102 | D:3      | Killed Ijyb
  2202 | D:3      | Noticed an ogre
  2216 | D:3      | Killed an ogre
  2217 | D:3      | Reached XP level 6. HP: 59/61 MP: 5/5
  2305 | D:3      | Noticed Natasha
  2314 | D:3      | Killed Natasha
  2600 | D:3      | Noticed Natasha
  2613 | D:3      | Killed Natasha
  2854 | D:4      | Noticed Pikel
  2880 | D:4      | Killed Pikel
  2881 | D:4      | Reached skill level 5 in Maces & Flails
  2881 | D:4      | Reached XP level 7. HP: 49/70 MP: 6/6
  2910 | D:4      | Reached skill level 6 in Maces & Flails
  3364 | D:4      | Reached XP level 8. HP: 66/79 MP: 7/7
  3365 | D:4      | Found a white marble altar of Elyvilon.
  3382 | D:4      | Found a glowing silver altar of Zin.
  3412 | D:5      | Entered Level 5 of the Dungeon
  3615 | D:5      | Reached skill level 7 in Maces & Flails
  3615 | D:5      | Reached skill level 5 in Dodging
  3966 | D:6      | Found a glowing drain.
  3997 | Sewer    | Entered a sewer
  4296 | Sewer    | Identified the +6 flail "Zutedabb" {speed, rF++ rN+ Int+2
                  | Dex+4}
  4616 | D:6      | Reached skill level 5 in Fighting
  4773 | D:6      | Reached skill level 1 in Throwing
  4866 | D:6      | Reached XP level 9. HP: 88/88 MP: 8/8
  4999 | D:6      | Found a runed translucent door.
  5002 | D:6      | Noticed Vizrt's ghost (novice PaBe)
  5171 | D:6      | Killed Vizrt's ghost
  5172 | D:6      | Reached skill level 8 in Maces & Flails
  5314 | D:7      | Found a shimmering blue altar of Sif Muna.
  5521 | D:7      | Noticed Prince Ribbit
  5551 | D:7      | Killed Prince Ribbit
  5565 | D:7      | Noticed Maggie
  5580 | D:7      | Killed Maggie
  5610 | D:7      | Reached skill level 9 in Maces & Flails
  5694 | D:7      | Found a broken altar of Ashenzari.
  6196 | D:7      | Found a staircase to the Ecumenical Temple.
  6207 | Temple   | Entered the Ecumenical Temple
  6221 | Temple   | Became a worshipper of Hepliaklqana the Forgotten
  6221 | Temple   | Reached * piety under Hepliaklqana
  6221 | Temple   | Reached ** piety under Hepliaklqana
  6222 | Temple   | Remembered your ancestor Sinnashi as a battlemage
  6908 | D:8      | Reached XP level 10. HP: 49/88 MP: 9/9
  6912 | D:8      | Found a bloodstained altar of Trog.
  7097 | D:8      | Noticed a gargoyle
  7111 | D:8      | Killed a gargoyle
  7336 | D:8      | Found Jomonn's Weapon Shoppe.
  7770 | D:9      | Found Jumeneapp's Antique Weapon Boutique.
  7859 | D:9      | Reached *** piety under Hepliaklqana
  7984 | D:9      | Reached skill level 10 in Maces & Flails
  8489 | D:10     | Entered Level 10 of the Dungeon
  8683 | D:10     | Found a staircase to the Orcish Mines.
  8973 | D:10     | Found a shadowy altar of Dithmenos.
  9070 | D:10     | Found Paasegg's Assorted Antiques.
  9262 | D:10     | Reached skill level 11 in Maces & Flails
  9317 | D:10     | Noticed a two-headed ogre
  9337 | D:10     | Killed a two-headed ogre
  9338 | D:10     | Reached XP level 11. HP: 64/98 MP: 10/10
  9742 | Orc:1    | Entered Level 1 of the Orcish Mines
  9746 | Orc:1    | Noticed a two-headed ogre
 10099 | D:10     | Killed a two-headed ogre
 10137 | Orc:1    | Found a transporter.
 10137 | Orc:1    | Noticed a juggernaut
 10145 | Orc:1    | Found a transporter.
 10151 | Orc:1    | Found a transporter.
 10151 | Orc:1    | Found a sparkling altar of Nemelex Xobeh.
 10197 | Orc:1    | Found a transporter.
 10198 | Orc:1    | Found a transporter.
 10201 | Orc:1    | Found a transporter.
 10350 | Orc:1    | Found Ikhia's Antique Weapon Shoppe.
 10427 | Orc:2    | Entered Level 2 of the Orcish Mines
 10618 | Orc:2    | Reached **** piety under Hepliaklqana
 10832 | Orc:2    | Found a staircase to the Elven Halls.
 11063 | Orc:2    | Noticed an orc knight
 11068 | Orc:2    | Noticed an orc sorcerer
 11068 | Orc:2    | Killed an orc knight
 11076 | Orc:2    | Killed an orc sorcerer
 11363 | Orc:2    | Noticed an orc high priest
 11363 | Orc:2    | Noticed an orc knight
 11365 | Orc:2    | Noticed an orc high priest
 11367 | Orc:2    | Noticed a soul eater
 11375 | Orc:2    | Noticed an orc high priest
 11382 | Orc:2    | Killed an orc high priest
 11422 | Orc:1    | Found Oqelud's Antique Weapon Emporium.
 11436 | Orc:1    | Reached skill level 12 in Maces & Flails
 11472 | Orc:1    | Found Lufeikeu's Armour Boutique.
 11527 | Orc:1    | Slain by an orc knight

Illustrated notes

Levels and vault maps discovered:
D:1:      roderic_chinese_lattice_arrival, layout_basic,
          chequers_ecumenical_altar_simple
D:2:      layout_basic, basic_altar, grunt_ministairs_7, minmay_tromino_v7
D:3:      layout_basic, uniq_natasha, uniq_ijyb, uniq_robin
D:4:      layout_gridville, amethyst_overflow_temple_binary,
          serial_bayou_ford_a, uniq_pikel
D:5:      layout_basic
D:6:      layout_gridville, hellmonk_ghost_happy_afterlife,
          cheibrodos_sewer_entry_sluice
D:7:      layout_basic, mainiacjoe_overflow_chevrons, ashenzari_altar_1,
          minmay_temple_entry_antechambers, serial_co_window_serial,
          co_window_paths_a, co_window_of_opportunity_a, co_window_cross_1,
          co_window_paths_b, co_window_corner_a, co_window_paths_a,
          co_window_unsneaky_path_d, co_window_corner_b,
          co_window_of_opportunity_b, co_window_paths_d, co_window_paths_e,
          glass_columns_a, glass_columns_a, glass_columns_c, glass_columns_c,
          glass_columns_c, uniq_maggie, uniq_prince_ribbit1
D:8:      layout_loops_ring, mainiacjoe_overflow_small_starburst, serial_shops,
          shop
D:9:      layout_roguey, serial_shops, nicolae_lakefront_shop
D:10:     layout_irregular_city, nicolae_dithmenos_through_a_glass_darkly,
          erik_orc_1, serial_shops, shop
Temple:   nicolae_temple_elliptical
Orc:1:    layout_diamond_mine, serial_shops, shop, nicolae_shop_waterfront,
          shop, nicolae_shop_behind_doors, hellmonk_jugg_or_not
Orc:2:    grunt_orc_tribal_feast, layout_diamond_mine

Skill      XL: |  1  2  3  4  5  6  7  8  9 10 11 |
---------------+----------------------------------+-----
Maces & Flails | 3 4 5 6 7 9 11 12 | 12.0
Fighting       | 3 4 5 7 8 |  8.0
Dodging        | 3 4 5 6 7 |  7.6
Stealth        | 2 3 |  3.8
Throwing       | 1 3 |  3.5
Armour         | |  0.8

Action                   |  1- 3 |  4- 6 |  7- 9 | 10-12 || total
-------------------------+-------+-------+-------+-------++-------
Melee: Mace              |   118 |   131 |       |       ||   249
       Punch             |     4 |     1 |     7 |     6 ||    18
       Whip              |       |    85 |   209 |       ||   294
       Flail             |       |       |   129 |   345 ||   474
Throw: Stone             |       |     1 |       |     2 ||     3
       Large rock        |       |       |    13 |    27 ||    40
Invok: Ancestor Life: Ba |       |       |     1 |       ||     1
  Use: Scroll            |       |       |     6 |     4 ||    10
 Stab: Sleeping          |     1 |     2 |     4 |       ||     7
       Distracted        |       |       |     1 |     2 ||     3
Armor: Robe              |    51 |    54 |       |       ||   105
       Skin              |       |    13 |       |     1 ||    14
       Animal skin       |       |    19 |    60 |       ||    79
       Steam dragon scal |       |       |    22 |    45 ||    67
       Troll leather arm |       |       |       |     6 ||     6
Dodge: Dodged            |    86 |   139 |   147 |   200 ||   572
